 Dungeon Crawl Stone Soup version 0.32-a0-5-gbffa963729 (webtiles) character file.

Game seed: 12457363460847757908

55 Flugslaktarn the Trooper (level 3, -2/34 HPs)
             Began as a Minotaur Fighter on Jan 13, 2024.
             Killed from afar by a steam dragon (10 damage)
             ... with a ball of steam
             ... on level 3 of the Dungeon.
             The game lasted 00:00:30 (1453 turns).

Flugslaktarn the Trooper (Minotaur Fighter)         Turns: 1453, Time: 00:00:30

Health: -2/34      AC:  7    Str: 22    XL:     3   Next: 67%
Magic:  2/2        EV:  9    Int:  5    God:
Gold:   129        SH:  4    Dex:  9    Spells: 2/2 levels left

rFire   . . .        a - +0 war axe
rCold   . . .        c - +0 buckler
rNeg    . . .        b - +0 scale mail
rPois   .            (helmet restricted)
rElec   .            (no cloak)
rCorr   .            (no gloves)
SInv    .            (no boots)
Will    .....        (no amulet) Stlth
                     (no ring)
HPRegen 0.25/turn    (no ring)
MPRegen 0.08/turn

%: no passive effects
@: mighty
A: horns 2, retaliatory headbutt
a: no special abilities


You were on level 3 of the Dungeon.
You visited 1 branch of the dungeon, and saw 3 of its levels.

You collected 129 gold pieces.

Inventory:

Hand Weapons
 a - a +0 war axe (weapon)
Armour
 b - a +0 scale mail (worn)
 c - a +0 buckler (worn)
Scrolls
 e - 2 scrolls of revelation {unknown}
 f - a scroll of poison {unknown}
 h - 2 scrolls of vulnerability {unknown}
 i - a scroll of teleportation {unknown}
 k - 2 scrolls of identify {unknown}
 m - a scroll of brand weapon {unknown}
 n - a scroll of fog {unknown}
 o - a scroll of torment {unknown}
Potions
 g - 2 potions of curing {unknown}
 j - a potion of haste {unknown}
 l - a potion of mutation {unknown}


   Skills:
 * Level 4.4 Fighting
 * Level 3.5 Axes
 + Level 4.0 Armour
 + Level 4.0 Shields


You had 2 spell levels left.
You didn't know any spells.
Your spell library contained the following spells:

 Spells                   Type           Power      Damage    Failure   Level
 Ensorcelled Hibernation  Hex/Ice        0%         N/A       94%         2
 Fugue of the Fallen      Necr           0%         N/A       99%         3
 Anguish                  Hex/Necr       0%         N/A       100%        4


Dungeon Overview and Level Annotations

Branches:
Dungeon (3/15)

Altars:


Innate Abilities, Weirdness & Mutations

You have a pair of horns on your head.
You reflexively headbutt those who attack you in melee.


Message History

You furiously retaliate!
You headbutt the ribbon worm. You barely miss the ribbon worm.
The ribbon worm is lightly wounded.
You block the ribbon worm's attack.
You slash the ribbon worm!
The ribbon worm is severely wounded.
The ribbon worm expels a string of sticky webbing.
You block the stream of webbing.
You hit the ribbon worm.
You headbutt the ribbon worm, but do no damage.
The ribbon worm is almost dead.
You block the ribbon worm's attack.
A ribbon worm is nearby!
You slash the ribbon worm!
You kill the ribbon worm!
As you open the door, it creaks loudly!
Found 16 gold pieces.
Found an escape hatch in the floor.
No target in view!
There is an open door here.
There is an escape hatch in the floor here.
You now have 120 gold pieces (gained 16).
There is an open door here.
You now have 129 gold pieces (gained 9).
n - a scroll labelled PIETIA FIRRUC No target in view!
There is a stone staircase leading down here.
There is an open door here.
You open the door.
Done exploring.
No target in view!
No target in view!
Done exploring.
Done exploring.
There is a stone staircase leading down here.
You climb downwards.
The rat squeaks loudly.
Found a scroll labelled ARCHUU FOEPIMIB.
Found a stone staircase leading up.
There is a stone staircase leading up here.
There are monsters nearby!
Unknown command.
There are monsters nearby!
There are monsters nearby!
You closely miss the hobgoblin. You headbutt the hobgoblin.
You kill the hobgoblin!
The rat bites you but does no damage.
You barely miss the rat. Your headbutt misses the rat.
The rat barely misses you.
You hit the rat.
You kill the rat!
No target in view!
No target in view!
No target in view!
There is a stone staircase leading up here.
You see here a hobgoblin corpse.
k - 2 scrolls labelled ARCHUU FOEPIMIB (gained 1)
Found a stone staircase leading down.
No target in view!
There is a stone staircase leading down here.
o - a scroll labelled CEV ERPHISUXORGH
Found a stone staircase leading down.
No target in view!
No target in view!
No target in view!
No target in view!
There is a stone staircase leading down here.
A hobgoblin comes into view.
The hobgoblin shouts!
A hobgoblin is nearby!
A hobgoblin is nearby!
You slash the hobgoblin!
You kill the hobgoblin!
No target in view!
No target in view!
No target in view!
No target in view!
You see here a hobgoblin corpse.
A steam dragon comes into view.
The steam dragon hisses angrily.
A steam dragon is nearby!
A steam dragon is nearby!
The steam dragon breathes steam at you. The ball of steam hits you!
No reachable target in view!
No reachable target in view!
No reachable target in view!
No reachable target in view!
Found a thin jewelled staff.
You feel very mighty all of a sudden.
You are engulfed in a cloud of scalding steam.
The steam dragon closely misses you. You block the steam dragon's attack.
You slash the steam dragon!
The steam dragon is heavily wounded.
The steam dragon bites you! The steam dragon claws you.
* * * LOW HITPOINT WARNING * * *
You barely miss the steam dragon.
The steam dragon is heavily wounded.
The steam dragon breathes steam at you. The ball of steam hits you!
You die...

###.#.........#.
#...##.######.#.
#.### #.## #.#
#.# #†# ... #.#
#.#
#######.####.#
#.#
#...D...§....#
#.#
#.###@.........
#.#.###..##
#.#.# .# #...#
.. ##..# # ..#
..# ..|


You could see a steam dragon (catching breath).

Vanquished Creatures
  An adder (D:2)
  A dart slug (D:2)
  A ribbon worm (D:2)
  4 ball pythons
  6 endoplasms (D:2)
  5 hobgoblins
  6 jackals (D:2)
  2 kobolds
  A quokka (D:1)
  3 bats
  2 frilled lizards (D:2)
  4 rats
36 creatures vanquished.

Notes
Turn   | Place    | Note
-------+----------+-------------------------------------------
     0 | D:1      | Flugslaktarn the Minotaur Fighter began the quest for the
                  | Orb.
     0 | D:1      | Reached XP level 1. HP: 19/19 MP: 0/0
   433 | D:2      | Reached XP level 2. HP: 27/27 MP: 1/1
   577 | D:2      | Reached XP level 3. HP: 33/33 MP: 2/2
  1447 | D:3      | Noticed a steam dragon
  1453 | D:3      | Killed from afar by a steam dragon

Illustrated notes

Levels and vault maps discovered:
D:1:      lightli_arrival_quake, layout_rooms
D:2:      layout_basic
D:3:      layout_loops_ring

Skill      XL: |  1  2  3 |
---------------+----------+-----
Fighting       | 4 |  4.4
Axes           | 3 |  3.5
Armour         | 4 |  4.0
Shields        | 4 |  4.0

Action                     || total
---------------------------++-------
  Melee: War axe           ||    63
         Headbutt          ||     6
    Use: Potion            ||     1
 Armour: Scale mail        ||    37
  Dodge: Dodged            ||    29
  Block: Buckler           ||    21

Table legend: (Time is in decaauts)
 A = Elapsed time spent in this place.
 B = Non-inter-level travel time spent in this place.
 C = Inter-level travel time spent in this place.
 D = Time resting spent in this place.
 E = Time spent auto-exploring this place.
 F = Levels seen in this place.
 G = Mean time per level.
                   A        B        C        D        E       F      G
               +--------+--------+--------+--------+--------+-----+--------+
         Total |   1475 |   1448 |     27 |      0 |   1262 |   3 |  491.7 |
       Dungeon |   1475 |   1448 |     27 |      0 |   1262 |   3 |  491.7 |
               +--------+--------+--------+--------+--------+-----+--------+

Top non-repeatable levels by time:
     D:2: 903 daAuts
     D:1: 429 daAuts
     D:3: 142 daAuts
